 Dungeon Crawl Stone Soup version 0.27.0-1-g7a089689b8 (webtiles) character file.

Game seed: 2800518986665518471

21 thirtiethelement the Skirmisher (level 2, -2/25 HPs)
             Began as a Demonspawn Abyssal Knight on Aug 11, 2021.
             Was a Follower of Lugonu.
             Slain by an iguana (4 damage)
             ... on level 2 of the Dungeon.
             The game lasted 00:02:53 (1280 turns).

thirtiethelement the Skirmisher (DsAK)              Turns: 1280, Time: 00:02:54

Health: -2/25      AC:  3    Str: 10 (12) XL:     2   Next: 65%
Magic:  3/3        EV: 11    Int: 13      God:    Lugonu [*.....]
Gold:   105        SH:  0    Dex: 14      Spells: 1/1 levels left

rFire    . . .     SeeInvis .   a - +1 falchion
rCold    . . .     Faith    .   (no shield)
rNeg     . . .     Spirit   .   b - +0 leather armour
rPois    .         Reflect  .   (helmet restricted)
rElec    .         Harm     .   (no cloak)
rCorr    .         Rampage  .   (no gloves)
Will     +....                  (no boots)
Stlth    +.........             f - amulet of magic regeneration
HPRegen  0.08/turn              (no ring)
MPRegen  0.33/turn              (no ring)

@: unable to read
A: horns 1, agile 1, deterioration 1, strong-willed 1, [inability to read while
threatened]
a: Renounce Religion, Depart the Abyss


You were on level 2 of the Dungeon.
You worshipped Lugonu.
Lugonu was aware of your devotion.
You visited 1 branch of the dungeon, and saw 2 of its levels.
You visited the Abyss 1 time.

You collected 105 gold pieces.

Inventory:

Hand Weapons
 a - a +1 falchion (weapon)
Armour
 b - a +0 leather armour (worn)
Jewellery
 f - an amulet of magic regeneration (around neck)
Scrolls
 g - 3 scrolls of amnesia
Potions
 c - a potion of might {unknown}
 d - 2 potions of curing {unknown}
 e - a potion of attraction {unknown}
 h - a potion of lignification {unknown}


   Skills:
 + Level 3.6 Fighting
 + Level 2.0 Long Blades
 + Level 1.9 Armour
 + Level 0.8 Dodging
 + Level 0.2 Stealth
 + Level 2.4 Invocations


You had one spell level left.
You didn't know any spells.
Your spell library was empty.

Dungeon Overview and Level Annotations

Branches:
Dungeon (2/15)

Altars:


Innate Abilities, Weirdness & Mutations

You have a pair of small horns on your head.
You are agile. (Dex +2)
Your body sometimes deteriorates upon taking damage.
You are strong-willed. (Will+)
[You sometimes lose the ability to read scrolls when taking damage.]


Message History

The iguana is heavily wounded.
The iguana barely misses you.
You closely miss the iguana.
The iguana is heavily wounded.
The iguana bites you!
You hit the iguana but do no damage.
The iguana is heavily wounded.
The iguana bites you!
You feel threatened and lose the ability to read scrolls!
The iguana closely misses you.
You are too injured to fight recklessly!
You hit the iguana.
The iguana is severely wounded.
You can read scrolls again.
The iguana bites you.
You hit the iguana but do no damage.
The iguana is severely wounded.
The iguana bites you.
You feel threatened and lose the ability to read scrolls!
* * * LOW HITPOINT WARNING * * *
You hit the iguana.
The iguana is almost dead.
The iguana bites you but does no damage.
You hit the iguana but do no damage.
The iguana is almost dead.
You can read scrolls again.
The iguana bites you.
You feel threatened and lose the ability to read scrolls!
* * * LOW HITPOINT WARNING * * *
You completely miss the iguana.
You headbutt the iguana, but do no damage.
The iguana is almost dead.
The iguana closely misses you.
You riposte.
You hit the iguana but do no damage.
The iguana is almost dead.
The iguana closely misses you.
You closely miss the iguana. You headbutt the iguana.
The iguana is almost dead.
The iguana bites you.
You die...

###.#....#
#.....#..#
#.#.#.#..#
#.#.#.#..#
#.#.#.#..#
.######.#.#.#..#
........#.#.#.<#
........#.#.#.##
.......@#.#.#..
.######l# ###
#.# #.# #.# ...
#.# #.#


You could see an iguana.

Vanquished Creatures
  2 endoplasms (D:1)
  A giant cockroach (D:1)
  A goblin (D:1)
  A hobgoblin (D:1)
  4 jackals (D:1)
  A quokka (D:1)
  4 ball pythons (D:1)
  2 bats (D:1)
  A frilled lizard (D:1)
  2 rats (D:1)
19 creatures vanquished.

Notes
Turn   | Place    | Note
-------+----------+-------------------------------------------
     0 | Abyss:1  | thirtiethelement the Demonspawn Abyssal Knight began the
                  | quest for the Orb.
     0 | Abyss:1  | Reached XP level 1. HP: 18/18 MP: 2/2
    57 | Abyss:2  | Noticed a large abomination
   102 | Abyss:2  | Noticed a fire dragon skeleton
   103 | Abyss:2  | Noticed a bone dragon
   130 | Abyss:3  | Noticed a starcursed mass
   132 | Abyss:3  | Noticed a wretched star
   134 | Abyss:3  | Gained mutation: You are agile. (Dex +2) [potion of
                  | mutation]
   134 | Abyss:3  | Gained mutation: You are frail. (-10% HP) [potion of
                  | mutation]
   134 | Abyss:3  | Gained mutation: Your muscles are strong. (Str +2) [potion
                  | of mutation]
   135 | D:1      | Escaped the Abyss
   136 | D:1      | Lost mutation: You are frail. (-10% HP) [potion of
                  | mutation]
   136 | D:1      | Lost mutation: Your muscles are strong. (Str +2) [potion of
                  | mutation]
   136 | D:1      | Gained mutation: You are strong-willed. (Will+) [potion of
                  | mutation]
   136 | D:1      | Gained mutation: Your body sometimes deteriorates upon
                  | taking damage. [potion of mutation]
   412 | D:1      | Found a faded altar of an unknown god.
   578 | D:1      | Reached * piety under Lugonu
   667 | D:1      | Gained mutation: You have a pair of small horns on your
                  | head. [demonic ancestry]
   667 | D:1      | Reached XP level 2. HP: 24/24 MP: 3/3
  1280 | D:2      | Slain by an iguana

Illustrated notes

Levels and vault maps discovered:
D:1:      pf_arrival_petrified_forest, layout_loops_ring,
          hellmonk_ecumenical_altar_crossroads, palyth_stone_intersect,
          minmay_misc_feat_alley
D:2:      layout_basic, grunt_decor_cap, minivault_11

Skill      XL: |  1 |
---------------+----+-----
Long Blades    | 2 |  2.0
Fighting       | |  3.6
Armour         | |  1.9
Dodging        | |  0.8
Stealth        | |  0.2
Invocations    | |  2.4

Action                   || total
-------------------------++-------
Melee: Falchion          ||    57
       Headbutt          ||     8
Invok: Depart the Abyss  ||     1
  Use: Potion            ||     2
       Scroll            ||     1
 Stab: Sleeping          ||     1
Armor: Leather armour    ||    18
Dodge: Dodged            ||    41
       Rpst.: Falchion   ||    11
